 Dungeon Crawl Stone Soup version 0.31.0-11-ge490571c62 (webtiles) character file.

Game seed: 6427854545981027255

224 qw the Skirmisher (level 5, -1/29 HPs)
             Began as a Deep Elf Hunter on Feb 3, 2024.
             Slain by Edmund
             ... wielding a +1 dire flail of protection
              (13 damage)
             ... on level 4 of the Dungeon.
             The game lasted 00:00:09 (2753 turns).

qw the Skirmisher (Deep Elf Hunter)                 Turns: 2753, Time: 00:00:10

Health: -1/29      AC:  7    Str: 10    XL:     5   Next: 67%
Magic:  7/7        EV:  9    Int: 14    God:
Gold:   95         SH:  0    Dex: 18    Spells: 4/4 levels left

rFire   . . .        a - +0 shortbow (flame)
rCold   + . .        (shield currently unavailable)
rNeg    . . .        m - +0 scale mail {rC+}
rPois   .            d - +0 helmet
rElec   .            (no cloak)
rCorr   .            (no gloves)
SInv    .            (no boots)
Will    .....        e - amulet of faith
Stlth   +            (no ring)
HPRegen 0.24/turn    (no ring)
MPRegen 0.10/turn

%: faith
@: lethally poisoned (-1 -> -7), hasted, very quick
A: no striking features
a: no special abilities


You were on level 4 of the Dungeon.
You visited 1 branch of the dungeon, and saw 4 of its levels.

You collected 95 gold pieces.


   Skills:
 - Level 1.5 Fighting
 - Level 9.2 Ranged Weapons
 + Level 0.0 Armour
 - Level 2.4 Dodging
 - Level 1.2 Stealth


You had 4 spell levels left.
You didn't know any spells.
Your spell library was empty.

Inventory:

Hand Weapons
 a - a +0 shortbow of flaming (weapon)
Armour
 d - a +0 helmet (worn)
 m - a +0 scale mail of cold resistance (worn)
Jewellery
 e - an amulet of faith (around neck)
Scrolls
 k - a scroll of immolation {unknown}
Potions
 c - a potion of brilliance {unknown}
 f - a potion of heal wounds
 g - a potion of might {unknown}
 h - 2 potions of curing
 i - a potion of mutation {unknown}
 j - a potion of degeneration {unknown}
 l - a potion of enlightenment {unknown}

Dungeon Overview and Level Annotations

Branches:
Dungeon (4/15)
 Temple: D:4-7

Altars:

Annotations:
D:4 Edmund


Message History

Enter note:
Enter note:
2743 ||| RETREEEEATING.
Edmund and an adder come into view.
Edmund is wielding a +1 dire flail of protection.
The adder hisses angrily.
2745 ||| RETREEEEATING.
2746 ||| DRINKING potion of haste.
You feel yourself speed up.
You shoot an arrow. The arrow hits the phantom.
The arrow burns the phantom.
The phantom is moderately damaged.
The phantom hits you.
The phantom blinks!
You blink.
A quokka comes into view.
You shoot an arrow.
The arrow completely misses the phantom.
The phantom barely misses you.
You shoot an arrow. The arrow hits the phantom.
The arrow burns the phantom.
The phantom is heavily damaged.
Edmund hits you with a +1 dire flail of protection.
You shoot an arrow. The arrow hits the phantom.
The arrow burns the phantom.
The phantom is almost destroyed.
The phantom closely misses you. The adder bites you.
You are poisoned.
The adder poisons you! Edmund barely misses you.
You shoot an arrow. The arrow closely misses the phantom.
You feel sick. The adder bites you but does no damage.
The phantom hits you but does no damage.
You shoot an arrow. The arrow hits the phantom.
The arrow burns the phantom.
You destroy the phantom!
The adder bites you.
You are more poisoned.
The adder poisons you!
Edmund hits you with a +1 dire flail of protection!
The quokka misses you. The adder bites you but does no damage.
Your Ranged Weapons skill increases to level 9!
You shoot an arrow. The arrow hits Edmund.
The arrow burns Edmund.
Edmund is lightly wounded.
You feel sick. The quokka closely misses you.
Edmund hits you with a +1 dire flail of protection!
You die...
Edmund says, "That'll show my brother!"

##... #...#
+...# . #
#...## ..
#.#.!.<###...
#............
#....r.......
#....@@......
#####.S...##.
###'########
#........#
########.##
#....## ###
#.....# #..
#...#.# #.)
#...#'###..


You could see Edmund, an adder and a quokka.

Vanquished Creatures
  A phantom (D:4)
  A hound (D:4)
  4 adders
  3 ribbon worms
  A dart slug (D:1)
  5 orcs (D:3)
  4 bats
  6 endoplasms
  4 giant cockroaches
  10 goblins
  8 hobgoblins
  3 quokkas
  6 ball pythons
  3 frilled lizards
  4 kobolds
  6 rats
69 creatures vanquished.

Notes
Turn   | Place    | Note
-------+----------+-------------------------------------------
     0 | D:1      | qw the Deep Elf Hunter began the quest for the Orb.
     0 | D:1      | Reached XP level 1. HP: 12/12 MP: 3/3
     0 | D:1      | 0 ||| qw: Version: 0.3-a-158-g18b3111
     0 | D:1      | 0 ||| qw: Game counter: 4249
     0 | D:1      | 0 ||| qw: Melee chars always use a shield: true
     0 | D:1      | 0 ||| qw: God list: Okawaru
     0 | D:1      | 0 ||| qw: Allow faded altars: false
     0 | D:1      | 0 ||| qw: Do Orc after clearing Dungeon:15 true
     0 | D:1      | 0 ||| qw: Do second Lair branch before Depths: true
     0 | D:1      | 0 ||| qw: Lair rune preference: random
     0 | D:1      | 0 ||| qw: Goals: Normal
     0 | D:1      | 0 ||| PLANNING D:1-11
   134 | D:1      | Reached skill level 6 in Ranged Weapons
   134 | D:1      | Reached XP level 2. HP: 16/16 MP: 4/4
   697 | D:1      | Reached XP level 3. HP: 20/20 MP: 5/5
   751 | D:1      | 751 ||| UPGRADING to +0 scale mail.
   761 | D:1      | 761 ||| DROPPING +0 leather armour.
   762 | D:1      | 762 ||| READING scroll labelled CETZAA TEKUS.
   763 | D:1      | 763 ||| READING scroll labelled SASCHOIFOTS.
   763 | D:1      | 763 ||| IDENTIFYING emerald potion
   764 | D:1      | 764 ||| DRINKING 2 gluggy clear potions.
   765 | D:1      | 765 ||| DROPPING scroll of butterflies.
   767 | D:1      | 767 ||| Stepping ~*~*~tactically~*~*~ (cloud).
  1060 | D:2      | Reached skill level 7 in Ranged Weapons
  1523 | D:2      | 1523 ||| DROPPING ring of magical power.
  1524 | D:2      | 1524 ||| READING scroll of identify.
  1524 | D:2      | 1524 ||| IDENTIFYING purple potion
  1525 | D:2      | 1525 ||| READING scroll labelled WOUROCVOMI.
  1526 | D:2      | 1526 ||| READING scroll labelled IPUMOA QYTEUSU.
  1527 | D:2      | 1527 ||| READING scroll labelled UROIRU BAKHOUJ.
  1527 | D:2      | 1527 ||| BRANDING +0 shortbow.
  1669 | D:3      | Reached XP level 4. HP: 25/25 MP: 6/6
  2062 | D:3      | Reached skill level 8 in Ranged Weapons
  2417 | D:3      | 2417 ||| UPGRADING to +0 helmet.
  2422 | D:3      | 2422 ||| UPGRADING to +0 scale mail of cold resistance.
  2432 | D:3      | 2432 ||| DROPPING +0 scale mail.
  2433 | D:3      | 2433 ||| UPGRADING to amulet of faith.
  2438 | D:3      | 2438 ||| READING scroll labelled HOETOEGALA.
  2655 | D:4      | Reached XP level 5. HP: 21/29 MP: 7/7
  2742 | D:4      | Noticed Edmund
  2742 | D:4      | Noticed a phantom
  2743 | D:4      | 2743 ||| RETREEEEATING.
  2745 | D:4      | 2745 ||| RETREEEEATING.
  2746 | D:4      | 2746 ||| DRINKING potion of haste.
  2752 | D:4      | Killed a phantom
  2753 | D:4      | Reached skill level 9 in Ranged Weapons
  2753 | D:4      | Slain by Edmund

Levels and vault maps discovered:
D:1:      matt_arrival_los_fun, layout_loops_ring, minmay_misc_feat_iff,
          kennysheep_flooded_box
D:2:      layout_loops_cross, minmay_surrounded
D:3:      layout_loops_corners
D:4:      layout_basic, lemuel_round_altar, uniq_edmund, uniq_grinder,
          uniq_blork_the_orc

Skill      XL: |  1  2  3  4  5 |
---------------+----------------+-----
Ranged Weapons | 6 7 8 9 |  9.2
Fighting       | |  1.5
Dodging        | |  2.4
Stealth        | |  1.2

Action                     |  1- 3 |  4- 6 || total
---------------------------+-------+-------++-------
   Fire: Shortbow          |   125 |    89 ||   214
    Use: Scroll            |     6 |     1 ||     7
         Potion            |     1 |     1 ||     2
 Armour: Leather armour    |    19 |       ||    19
         Scale mail        |    25 |    52 ||    77
  Dodge: Dodged            |    35 |    33 ||    68

Table legend:
 A = Non-vault XP
 B = Vault XP
 C = Vault XP percentage of total XP
 D = Non-vault monster count
 E = Vault monster count
 F = Vault count percentage of total count
                 A         B        C        D         E       F
            +---------+---------+-------+---------+---------+-------
      Total |     317 |       3 |   0.9 |      67 |       2 |   2.9
            +---------+---------+-------+---------+---------+-------
        D:1 |      41 |       0 |   0.0 |      25 |       0 |   0.0
        D:2 |      52 |       3 |   5.5 |      12 |       2 |  14.3
        D:3 |      65 |       0 |   0.0 |      21 |       0 |   0.0
        D:4 |     159 |       0 |   0.0 |       9 |       0 |   0.0
            +---------+---------+-------+---------+---------+-------
